 Dungeon Crawl Stone Soup version 0.21.1-1-g345015fe64 (webtiles) character file.

63 Mrkan the Insei (level 4, -2/29 HPs)
             Began as an Octopode Transmuter on May 8, 2018.
             Slain by Robin
             ... wielding a +0 spear
              (4 damage)
             ... on level 2 of the Dungeon.
             The game lasted 00:03:38 (2083 turns).

Mrkan the Insei (Octopode Transmuter)               Turns: 2083, Time: 00:03:38

Health: -2/29      AC:  1    Str:  9    XL:     4   Next: 10%
Magic:  7/7        EV: 14    Int: 16    God:
Gold:   79         SH:  0    Dex: 12    Spells: 6/7 levels left

rFire    . . .     SeeInvis .     - Unarmed
rCold    . . .     Gourm    .   (no shield)
rNeg     . . .     Faith    .   (helmet restricted)
rPois    .         Spirit   .   (no amulet)
rElec    .         Reflect  .   (no ring)
rCorr    .         Harm     .   (no ring)
MR       .....                  (no ring)
Stlth    ++........             (no ring)
HPRegen  0.09/turn              (no ring)
MPRegen  0.10/turn              (no ring)
                                (no ring)
                                (no ring)

@: no status effects
A: almost no armour, stealthy swim, amphibious, 8 rings, constrict 8, camouflage
1, gelatinous body 1
a: no special abilities


You were on level 2 of the Dungeon.
You were not hungry.

You visited 1 branch of the dungeon, and saw 2 of its levels.

You collected 79 gold pieces.

Inventory:

Missiles
 a - 77 arrows
Jewellery
 e - an uncursed ring of positive energy {unknown}
 h - an uncursed ring of stealth {unknown}
Scrolls
 d - 2 scrolls of remove curse {unknown}
 i - 2 scrolls of amnesia {unknown}
 j - a scroll of teleportation {unknown}
 l - a scroll of identify {unknown}
Potions
 g - a potion of flight {unknown}
 k - a potion of lignification {unknown}
Books
 b - a book of Changes

   Spells                             Type                      Level
   a - Beastly Appendage              Transmutation                1
   b - Sticks to Snakes               Transmutation                2
   c - Spider Form                    Transmutation/Poison         3
   d - Ice Form                       Ice/Transmutation            4
   e - Blade Hands                    Transmutation                5
Comestibles
 c - a ration
 f - a chunk of flesh


   Skills:
 + Level 1.8 Fighting
 + Level 2.6 Dodging
 + Level 3.4 Unarmed Combat
 + Level 2.4 Spellcasting
 + Level 2.5 Transmutations


You had 6 spell levels left.
You knew the following spells:

 Your Spells              Type           Power        Failure   Level  Hunger
a - Beastly Appendage     Tmut           ##....       7%          1    #......


Dungeon Overview and Level Annotations

Branches:
Dungeon (2/15)

Altars:

Annotations:
D:2 Robin


Innate Abilities, Weirdness & Mutations

You cannot wear most types of armour.
You are very stealthy in the water. (Stealth+)
You are amphibious.
You can wear up to eight rings at the same time.
You can use your tentacles to constrict eight enemies at once.
Your skin changes colour to match your surroundings (Stealth+).
Your rubbery body absorbs attacks. (AC +1, EV +1)


Message History

You constrict Robin, but do no damage. Robin closely misses you.
You tentacle-slap Robin but do no damage.
Robin is lightly wounded.
You constrict Robin.
Robin struggles to escape constriction.
You tentacle-slap Robin but do no damage.
Robin is moderately wounded.
You constrict Robin.
You tentacle-slap Robin but do no damage.
You squeeze Robin.
Robin is heavily wounded.
You constrict Robin, but do no damage. Robin throws the goblin at you!
* * * LOW HITPOINT WARNING * * *
The goblin closely misses you.
You tentacle-slap Robin but do no damage.
Robin is heavily wounded.
You constrict Robin. Robin misses you.
You tentacle-slap Robin.
Robin is severely wounded.
You constrict Robin. The goblin barely misses you. Robin hits you with a spear.
You die...

#.#.# #..#g# #.#
#..#.# #.# #..#g# #
#.# #..#.### . #.#
#..#.... # #.#
#..#.#.#
#.########.)).#.#
#....รท......###g#
...............g@.#
#############.#####
###


You could see Robin and a goblin.

Vanquished Creatures
  A howler monkey skeleton (D:2)
  An ooze (D:1)
  A dart slug (D:1)
  4 bats (D:1)
  A giant cockroach (D:1)
  12 goblins
  5 hobgoblins
  4 jackals (D:2)
  2 ball pythons (D:1)
  2 frilled lizards (D:1)
  4 kobolds (D:1)
  7 rats
44 creatures vanquished.

Notes
Turn   | Place    | Note
-------+----------+-------------------------------------------
     0 | D:1      | Mrkan the Octopode Transmuter began the quest for the Orb.
     0 | D:1      | Reached XP level 1. HP: 13/13 MP: 3/3
    69 | D:1      | Reached XP level 2. HP: 7/18 MP: 5/5
   568 | D:1      | Reached XP level 3. HP: 21/23 MP: 6/6
  1683 | D:2      | Reached XP level 4. HP: 10/29 MP: 7/7
  2055 | D:2      | Noticed Robin
  2083 | D:2      | Slain by Robin

Action                   |  1- 3 |  4- 6 || total
-------------------------+-------+-------++-------
Melee: Unarmed           |    97 |    18 ||   115
       Constrict         |    27 |     5 ||    32
       Tentacles         |    17 |     2 ||    19
       Kick              |     3 |     1 ||     4
       Punch             |       |     1 ||     1
 Cast: Beastly Appendage |     2 |     1 ||     3
 Stab: Sleeping          |     2 |       ||     2
  Eat: Ration            |     1 |       ||     1
Armor: Skin              |    23 |       ||    23
Dodge: Dodged            |    93 |    16 ||   109
